 Dungeon Crawl Stone Soup version 0.27.0 (webtiles) character file.

Game seed: 3185563870553475758

36 inmateoo the Skirmisher (level 3, -4/31 HPs)
             Began as a Draconian Transmuter on July 31, 2021.
             Slain by a scorpion (7 damage)
             ... on level 2 of the Dungeon.
             The game lasted 00:01:19 (807 turns).

inmateoo the Skirmisher (Draconian Transmuter)       Turns: 807, Time: 00:01:19

Health: -4/31      AC:  5    Str: 12    XL:     3   Next: 19%
Magic:  6/6        EV: 12    Int: 14    God:
Gold:   11         SH:  0    Dex: 11    Spells: 3/6 levels left

rFire    + . .     SeeInvis .     - Unarmed
rCold    . . .     Faith    .   (no shield)
rNeg     . . .     Spirit   .   (armour unavailable)
rPois    .         Reflect  .   (helmet restricted)
rElec    .         Harm     .   (no cloak)
rCorr    .         Rampage  .   (no gloves)
Will     +....                  (no boots)
Stlth    +.........             (no amulet)
HPRegen  0.10/turn              d - ring of willpower
MPRegen  0.10/turn              g - ring of protection from fire

@: no status effects
A: AC +5, unfitting armour, cold-blooded
a: no special abilities


You were on level 2 of the Dungeon.
You visited 1 branch of the dungeon, and saw 2 of its levels.

You collected 11 gold pieces.

Inventory:

Jewellery
 a - a ring of positive energy
 d - a ring of willpower (left hand)
 g - a ring of protection from fire (right hand)
Potions
 b - a potion of haste {unknown}
 e - a potion of might {unknown}


   Skills:
 + Level 3.5 Fighting
 - Level 1.7 Dodging
 - Level 3.0 Unarmed Combat
 - Level 2.0 Spellcasting
 - Level 2.0 Transmutations


You had 3 spell levels left.
You knew the following spells:

 Your Spells              Type           Power      Damage    Failure   Level
a - Beastly Appendage     Tmut           14%        N/A       11%         1
b - Wereblood             Tmut           7%         N/A       16%         2

Your spell library contained the following spells:

 Spells                   Type           Power      Damage    Failure   Level
 Slow                     Hex            1%         N/A       34%         2
 Spider Form              Tmut/Pois      2%         N/A       43%         3
 Confusing Touch          Hex            1%         N/A       56%         3
 Vampiric Draining        Necr           0%         2d6       56%         3
 Ice Form                 Ice/Tmut       4%         N/A       83%         4


Dungeon Overview and Level Annotations

Branches:
Dungeon (2/15)

Altars:


Innate Abilities, Weirdness & Mutations

Your plain brown scales are hard. (AC +5)
You cannot fit into any form of body armour.
You are cold-blooded and may be slowed by cold attacks.


Message History

The scorpion is moderately wounded.
You feel sick. The scorpion closely misses you.
You barely miss the scorpion.
You tail-slap the scorpion, but do no damage.
The scorpion is moderately wounded.
You feel sick. The scorpion closely misses you.
You hit the scorpion. You claw the scorpion.
You tail-slap the scorpion, but do no damage.
The scorpion is heavily wounded.
You feel sick. The scorpion closely misses you.
You closely miss the scorpion.
The scorpion is heavily wounded.
You feel sick. The scorpion barely misses you.
You barely miss the scorpion.
The scorpion is heavily wounded.
Your horns disappear.
Your talons disappear.
You feel sick. The scorpion closely misses you.
You are too injured to fight recklessly!
You hit the scorpion.
The scorpion is heavily wounded.
You feel sick.
You are no longer poisoned.
The scorpion stings you. x2
* * * LOW HITPOINT WARNING * * *
You are too injured to fight recklessly!
You completely miss the scorpion.
The scorpion is heavily wounded.
The scorpion stings you!
* * * LOW HITPOINT WARNING * * *
You are too injured to fight recklessly!
Unknown command.
Okay, then.
The scorpion stings you.
* * * LOW HITPOINT WARNING * * *
The scorpion barely misses you.
The scorpion stings you but does no damage.
There is an open door here.
The scorpion barely misses you. The scorpion stings you!
You die...

*,,,,* #.#..........# *****,,,,*
#.#....).....## ,,,,,,,,,*
#.#...........# ,,,,,,,***
#.#...........# ,,,,,,,*
#.............# ,,,,,,,*
###...........#####
,,,,,,,*#########................
,,,,,,,,........s#####'#<...####*
,,,,,,*#########@#####.##....#
***,,,,................##....#
*,***#########.####..##....####
*,* *,,..............##....'...
*,***,*#######.####.###....####
***,,,,,* #.# #.# ##+###
>,,,,,,,* #.# #.# *,*
*******,*******#.# #.#***,*
*,,,,,,,,..# #..,**,*


You could see a scorpion.

Vanquished Creatures
  An adder (D:2)
  A dart slug (D:2)
  An endoplasm (D:1)
  4 giant cockroaches
  2 goblins
  A hobgoblin (D:1)
  6 jackals (D:2)
  3 kobolds (D:1)
  A ball python (D:1)
  A bat (D:1)
21 creatures vanquished.

Notes
Turn   | Place    | Note
-------+----------+-------------------------------------------
     0 | D:1      | inmateoo the Draconian Transmuter began the quest for the
                  | Orb.
     0 | D:1      | Reached XP level 1. HP: 16/16 MP: 3/3
   189 | D:1      | Reached XP level 2. HP: 21/25 MP: 3/5
   357 | D:1      | Found a faded altar of an unknown god.
   581 | D:2      | Reached XP level 3. HP: 21/31 MP: 6/6
   737 | D:2      | Learned a level 2 spell: Wereblood
   766 | D:2      | Noticed a scorpion
   781 | D:2      | HP: 1/31 [scorpion (7)]
   807 | D:2      | Slain by a scorpion

Illustrated notes

Levels and vault maps discovered:
D:1:      heliophobic_arrival_glass_houses, layout_rooms,
          dreamdust_ecumenical_altar_angels_and_demons
D:2:      layout_basic, serial_shops, nicolae_square_shop, minmay_crystal_room,
          roderic_cross_of_infinity, uniq_sigmund

Skill      XL: |  1  2 |
---------------+-------+-----
Fighting       | 2 3 |  3.5
Dodging        | |  1.7
Unarmed Combat | |  3.0
Spellcasting   | |  2.0
Transmutations | |  2.0

Action                   || total
-------------------------++-------
Melee: Unarmed           ||    77
       Kick              ||    10
       Headbutt          ||     4
       Tailslap          ||    14
       Punch             ||     1
 Cast: Beastly Appendage ||     8
  Use: Scroll            ||     4
Armor: Skin              ||    25
Dodge: Dodged            ||    44
